Map: Winter Madness LE

Players

HeroMarine - Winner!

  • Race: Terran Terran
  • Spawn Location: 11:00

Krystianer

  • Race: Protoss Protoss
  • League: Grandmaster
  • Spawn Location: 5:00

VOD

Have the link to the VOD?

Description

Time

  • Played on: Jan. 31, 2026, 8:52 a.m.
  • Length: 22:44
Show
View Real Time Build Order
Export as new Build Order

HeroMarine Terran - Winner!

Build Orders: 1/1/1 

Get SALT Encoding   

  12  0:00  SCV  
  13  0:12  SCV  
  14  0:17  Supply Depot  
  14  0:24  SCV  
  15  0:38  SCV  
  15  0:40  Barracks  
  16  0:42  Refinery  
  16  0:50  SCV  
  16  0:52  Refinery  
  17  1:02  SCV  
  18  1:14  SCV  
  19  1:27  Orbital Command, Reaper  
  20  1:40  Factory  
  20  1:52  SCV  
  21  1:59  Barracks Reactor  
  21  2:01  Supply Depot  
  21  2:04  SCV  
  22  2:15  Command Center  
  22  2:17  SCV  
  23  2:29  Starport, SCV  
  24  2:33  Widow Mine  
  26  2:38  Supply Depot  
  26  2:41  SCV  
  27  2:46  Marine x2  
  29  2:53  SCV  
  30  3:00  Widow Mine  
  30  3:05  Marine x2, SCV  
  34  3:12  Medivac  
  37  3:18  SCV  
  38  3:23  Marine x2  
  38  3:24  Factory Tech Lab  
  39  3:30  SCV  
  41  3:42  SCV  
  41  3:45  Siege Tank  
  41  3:47  Starport Tech Lab  
  45  3:48  Orbital Command  
  45  3:51  Marine x2  
  45  3:54  SCV  
  47  4:01  Supply Depot  
  47  4:06  SCV  
  47  4:07  Raven  
  50  4:11  Marine x2  
  50  4:14  SCV  
  53  4:18  SCV  
  53  4:19  Barracks  
  54  4:24  Siege Tank  
  54  4:26  SCV  
  54  4:30  SCV  
  59  4:36  Barracks  
  59  4:38  SCV  
  59  4:40  Supply Depot  
  59  4:42  SCV  
  59  4:47  Engineering Bay  
  59  4:50  Refinery, SCV  
  60  4:54  SCV  
  60  4:55  Marine  
  62  5:01  Marine  
  62  5:02  Siege Tank  
  62  5:03  SCV, Supply Depot  
  62  5:06  SCV  
  67  5:13  Marine  
  68  5:15  SCV  
  68  5:18  SCV  
  68  5:19  Marine  
  68  5:21  Stimpack  
  69  5:25  Terran Infantry Weapons Level 1, Marauder  
  69  5:26  Refinery, Supply Depot  
  69  5:27  SCV  
  72  5:31  SCV  
  71  5:37  Marine x2  
  71  5:39  SCV  
  73  5:43  SCV  
  73  5:46  Marauder  
  73  5:47  Marauder  
  78  5:51  SCV  
  78  5:52  Factory Reactor, Starport Reactor  
  78  5:55  Marine x2, SCV  
  78  5:56  Combat Shield, Supply Depot  
  82  5:57  Supply Depot  
  82  6:09  Marauder x2  
  83  6:13  Marine x2, SCV x2  
  83  6:22  Command Center  
  83  6:30  Marine x2, Marauder  
  83  6:31  Marauder  
  88  6:37  Barracks  
  88  6:38  Supply Depot, Barracks  
  88  6:41  Medivac  
  88  6:42  Medivac  
  88  6:46  Widow Mine x2  
  96  6:52  Marauder  
  96  6:53  Supply Depot, Marauder  
  100  6:54  Marine  
  100  6:55  Marine  
  100  7:00  Supply Depot  
  102  7:02  Concussive Shells  
  102  7:12  Marine  
  102  7:13  Marine, Widow Mine x2  
  102  7:14  Marauder  
  102  7:15  Marauder  
  112  7:17  SCV  
  112  7:18  SCV, Medivac  
  112  7:19  Medivac  
  116  7:23  Terran Infantry Armor Level 1  
  116  7:29  SCV  
  117  7:30  SCV  
  117  7:31  Barracks Reactor, Barracks Tech Lab  
  117  7:34  Marine x2  
  117  7:35  Marauder  
  117  7:36  Marauder  
  117  7:37  SCV  
  112  7:50  Viking  
  107  7:52  Marine x2  
  107  7:56  Viking  
  107  7:57  Marauder  
  111  8:00  Marauder  
  111  8:01  Marauder  
  108  8:07  SCV x2  
  108  8:09  Marine x2  
  108  8:12  Starport, Orbital Command  
  108  8:16  Marine x2  
  108  8:18  Marauder  
  108  8:19  SCV x2  
  114  8:22  Marauder  
  114  8:26  Marauder  
  116  8:35  Viking x2, Marine  
  116  8:36  Marine x3  
  116  8:39  Marauder  
  126  8:43  Marauder  
  126  8:45  Supply Depot  
  126  8:48  Marauder  
  130  8:50  Viking  
  130  8:53  Viking  
  134  9:01  Marauder  
  134  9:02  Marine  
  126  9:04  Marine, Marauder  
  126  9:09  Marauder  
  129  9:10  Viking x2  
  129  9:12  Marine x2  
  134  9:20  Marine  
  134  9:22  Marauder  
  128  9:26  Marauder  
  128  9:29  Marine  
  128  9:30  Marauder  
  129  9:32  Medivac x2  
  129  9:35  SCV  
  129  9:36  SCV  
  129  9:37  SCV  
  126  9:41  Refinery  
  126  9:42  Refinery  
  126  9:44  Marauder, Marine x2  
  130  9:45  Armory  
  130  9:47  Engineering Bay, Marauder  
  130  9:49  Marine  
  130  9:52  Marauder  
  137  9:57  Medivac  
  137  9:58  Command Center  
  137  10:00  Medivac  
  137  10:03  Marine x3  
  137  10:05  Marauder  
  144  10:07  Supply Depot, Marine  
  144  10:08  SCV  
  144  10:09  Marauder  
  144  10:12  Medivac  
  148  10:15  Sensor Tower  
  148  10:18  Marauder  
  148  10:19  SCV x2  
  149  10:32  Terran Infantry Weapons Level 2  
  149  10:33  Terran Infantry Armor Level 2  
  149  10:36  Marine x2, Marauder  
  149  10:37  Marauder, Marine x2  
  149  10:41  Supply Depot  
  149  10:42  Supply Depot  
  157  10:43  Marauder  
  157  10:47  Terran Ship Weapons Level 1  
  157  10:48  Bunker  
  159  10:57  Viking x2  
  159  10:58  Missile Turret  
  159  11:03  Barracks  
  163  11:04  Barracks  
  163  11:05  Barracks, Marauder  
  163  11:08  Marauder  
  163  11:11  Marauder  
  169  11:19  Ghost Academy  
  169  11:24  SCV x2  
  169  11:25  SCV, Missile Turret  
  172  11:26  Missile Turret  
  172  11:27  Missile Turret  
  172  11:36  Marauder x3  
  179  11:40  SCV x3  
  179  11:44  Marine  
  179  11:46  Marine x2  
  184  11:50  Planetary Fortress  
  184  11:52  SCV  
  185  11:55  Barracks Tech Lab x2  
  185  11:57  Ghost x2  
  185  11:59  Barracks Tech Lab  
  185  12:00  Marine x2, Sensor Tower  
  191  12:02  Marine  
  191  12:03  Marine  
  191  12:04  Marine  
  194  12:14  Fusion Core  
  187  12:17  Marine  
  187  12:22  Marine x7  
  185  12:25  Marine x2  
  193  12:30  Missile Turret  
  193  12:35  Missile Turret  
  186  12:47  SCV x2  
  186  12:48  SCV  
  181  12:52  Marauder  
  181  12:55  Marauder  
  181  12:57  Caduceus Reactor, Medivac  
  181  12:58  Medivac  
  187  13:00  Terran Infantry Weapons Level 3, Terran Infantry Armor Level 3  
  187  13:01  Terran Ship Weapons Level 2  
  183  13:15  Refinery x2  
  183  13:17  Ghost  
  183  13:19  Command Center  
  185  13:21  Ghost  
  185  13:27  Ghost  
  187  13:29  Missile Turret  
  187  13:32  Ghost, Missile Turret  
  189  13:36  Ghost  
  189  13:38  Ghost  
  189  13:41  Marine x3  
  193  13:42  Marine  
  195  13:57  Ghost  
  195  13:58  Ghost  
  195  14:02  Command Center  
  191  14:04  Supply Depot, Personal Cloaking  
  191  14:05  Ghost  
  191  14:09  Ghost  
  193  14:30  Command Center  
  193  14:33  Command Center  
  193  14:34  Ghost  
  193  14:37  Sensor Tower  
  190  14:41  Marauder  
  190  14:45  Marauder  
  191  14:47  Marauder  
  193  14:57  Medivac x2, Advanced Ballistics  
  193  14:59  Liberator x2  
  200  15:05  Starport  
  200  15:06  Orbital Command  
  198  15:26  Orbital Command  
  198  15:31  Liberator  
  198  15:34  Liberator  
  195  15:42  Liberator  
  198  15:49  Ghost  
  180  15:50  Marauder x2  
  180  15:51  Marine x3, Marauder x2  
  180  15:54  Marauder  
  191  16:01  Marine  
  191  16:02  Liberator  
  192  16:09  Orbital Command x2  
  194  16:11  Marauder x2  
  194  16:13  Marauder x2  
  194  16:18  Missile Turret  
  200  16:19  Sensor Tower, Missile Turret  
  200  16:22  Marauder  
  200  16:25  Starport Reactor  
  200  16:26  Terran Vehicle And Ship Armor Level 1  
  200  16:30  Planetary Fortress  
  200  16:40  Command Center  
  200  16:42  Command Center  
  200  16:46  Refinery  
  200  16:54  Marauder  
  200  16:56  Marauder  
  200  16:59  Marine x2, Marauder x2  
  198  17:02  Marauder  
  198  17:06  Marauder  
  196  17:08  Marine x2  
  196  17:13  Medivac  
  196  17:15  Neosteel Armor, Hi-Sec Auto Tracking  
  199  17:34  Marauder  
  199  17:35  Marauder  
  198  17:39  Ghost  
  198  17:43  Refinery  
  197  17:53  Marauder  
  197  17:54  Marine  
  197  17:56  Marine  
  200  18:03  Marauder  
  194  18:06  Marauder, Marine  
  194  18:09  Ghost  
  199  18:20  Planetary Fortress  
  199  18:25  Liberator  
  199  18:28  Liberator  
  200  18:36  Orbital Command  
  200  18:40  Command Center x2  
  200  18:43  Command Center  
  200  18:44  Viking  
  198  18:52  Marauder  
  200  19:07  Missile Turret, Command Center  
  198  19:14  Marauder x2  
  198  19:40  Ghost  
  200  19:53  Command Center  
  200  19:57  Ghost  
  200  19:59  Marine x2  
  197  20:01  Marine  
  197  20:05  Marauder  
  197  20:06  Marauder  
  186  20:07  Orbital Command x2  
  186  20:14  Marauder  
  186  20:15  Marauder x2  
  186  20:18  Marine x2  
  184  20:26  Marauder, Ghost  
  184  20:27  Marauder, Marine  
  167  20:29  Liberator  
  167  20:30  Liberator x4  
  149  20:39  Ghost  
  149  20:42  Medivac  
  150  20:46  Ghost  
  150  20:48  Planetary Fortress  
  150  20:49  SCV  
  153  20:54  SCV x3  
  153  20:55  SCV x2  
  153  20:56  SCV  
  157  21:00  Ghost  
  155  21:05  Ghost  
  155  21:07  Ghost  
  150  21:11  Marauder  
  150  21:12  Viking  
  150  21:14  Viking  
  150  21:16  Viking  
  152  21:20  Viking  
  152  21:21  Viking  
  152  21:25  Viking  
  158  21:28  Planetary Fortress  
  158  21:31  Missile Turret  
  158  21:33  SCV x3  
  158  21:36  SCV  
  158  21:38  SCV  
  158  21:39  SCV  
  157  21:42  Viking  
  159  21:50  Marauder x2  
  165  21:54  Marauder  
  165  21:56  Ghost x2  
  165  21:58  Liberator  
  165  22:01  Ghost  
  169  22:04  Marine x2  
  157  22:11  Marauder x2  
  149  22:16  Marauder  
  149  22:20  Marine x2  
  149  22:22  Marine x2  
  153  22:23  SCV x3  
Show
View Real Time Build Order
Export as new Build Order

Krystianer Protoss 

Build Orders: 1 Gate Expand, Blink Stalkers 

Get SALT Encoding   

  12  0:00  Probe  
  13  0:12  Probe  
  14  0:16  Pylon  
  14  0:22  Probe  
  15  0:30  Probe  
  16  0:36  Gateway  
  16  0:38  Probe  
  17  0:45  Assimilator  
  17  0:50  Probe  
  18  1:02  Probe  
  19  1:15  Probe  
  20  1:22  Nexus  
  20  1:30  Cybernetics Core  
  20  1:34  Probe  
  20  1:38  Assimilator  
  21  1:46  Probe  
  22  1:49  Pylon  
  22  1:57  Adept  
  22  1:58  Probe  
  23  2:07  Warp Gate  
  25  2:10  Probe  
  26  2:16  Twilight Council  
  26  2:22  Probe  
  27  2:24  Stalker, Blink  
  29  2:34  Probe x2  
  31  2:46  Probe  
  31  2:47  Probe  
  33  3:00  Stalker  
  33  3:04  Probe x2  
  37  3:16  Gateway  
  37  3:17  Probe  
  37  3:18  Probe  
  37  3:25  Gateway  
  37  3:29  Probe  
  37  3:30  Probe  
  37  3:32  Robotics Facility  
  39  3:41  Probe  
  40  3:42  Probe  
  40  3:46  Pylon  
  41  3:53  Probe  
  41  3:54  Probe  
  43  3:56  Stalker  
  45  4:05  Probe  
  45  4:06  Shield Battery  
  46  4:11  Nexus  
  46  4:12  Probe  
  47  4:17  Probe  
  47  4:20  Stalker  
  47  4:22  Observer  
  51  4:28  Probe  
  51  4:32  Probe  
  52  4:40  Probe, Assimilator  
  52  4:42  Assimilator  
  54  4:46  Pylon, Probe  
  54  4:53  Pylon  
  54  4:58  Pylon  
  54  5:03  Probe x2  
  56  5:07  Observer  
  56  5:10  Stalker x2  
  56  5:11  Probe, Stalker  
  63  5:16  Probe  
  63  5:19  Probe  
  63  5:20  Probe  
  65  5:23  Robotics Bay  
  65  5:24  Forge  
  65  5:25  Probe  
  65  5:26  Charge  
  65  5:27  Probe  
  68  5:29  Probe  
  68  5:33  Probe  
  70  5:37  Probe  
  68  5:45  Immortal  
  68  5:46  Stalker x2  
  72  5:56  Probe  
  77  5:57  Probe  
  77  5:59  Probe  
  79  6:05  Shield Battery  
  79  6:08  Stalker  
  79  6:17  Gateway, Stalker  
  81  6:19  Gateway  
  81  6:21  Stalker  
  81  6:25  Probe x2  
  85  6:30  Colossus  
  85  6:34  Gateway x2  
  85  6:36  Gateway  
  85  6:37  Probe  
  85  6:38  Probe, Gateway  
  88  6:46  Pylon  
  93  6:55  Protoss Ground Weapons Level 1  
  93  6:57  Pylon  
  93  7:01  Pylon  
  93  7:03  Pylon  
  93  7:04  Probe  
  94  7:11  Zealot x3  
  94  7:12  Colossus  
  100  7:18  Pylon  
  100  7:22  Zealot x2  
  102  7:24  Probe  
  99  7:30  Stalker x3  
  99  7:32  Zealot  
  99  7:33  Zealot  
  99  7:34  Probe  
  100  7:37  Probe  
  100  7:39  Zealot  
  97  7:48  Zealot x3  
  91  7:54  Stalker x2  
  91  7:55  Probe  
  91  7:56  Colossus  
  91  7:58  Probe  
  97  8:04  Zealot x3  
  101  8:12  Probe x2  
  107  8:14  Probe  
  107  8:17  Sentry x2  
  112  8:24  Zealot x3  
  112  8:35  Zealot x4  
  112  8:39  Probe  
  112  8:40  Pylon  
  121  8:52  Probe  
  121  8:54  Probe  
  123  8:57  Nexus  
  123  8:59  Colossus  
  121  9:10  Extended Thermal Lance  
  121  9:12  Zealot x7  
  135  9:19  Probe  
  126  9:24  Zealot x2  
  126  9:25  Probe  
  126  9:26  Probe  
  114  9:35  Zealot x5  
  112  9:39  Colossus  
  112  9:44  Zealot x2, Probe  
  116  9:56  Robotics Facility, Protoss Ground Weapons Level 2  
  122  10:02  Probe  
  122  10:04  Probe x2  
  125  10:10  Probe  
  126  10:14  Probe  
  123  10:21  Disruptor  
  123  10:28  Forge  
  113  10:29  Probe  
  113  10:31  Stalker x4, Zealot x3  
  130  10:37  Pylon, Zealot x2  
  130  10:39  Disruptor  
  134  10:45  Disruptor  
  134  10:47  Probe x3  
  137  10:50  Protoss Ground Armor Level 1  
  137  10:55  Robotics Facility, Nexus  
  137  10:56  Pylon  
  141  11:01  Zealot x2  
  141  11:03  Probe x2  
  141  11:04  Probe  
  152  11:05  Assimilator  
  152  11:10  Pylon  
  152  11:13  Probe  
  152  11:15  Shield Battery, Probe  
  152  11:16  Disruptor  
  154  11:20  Gateway x2  
  154  11:23  Gateway  
  154  11:24  Probe x2  
  158  11:25  Probe  
  158  11:28  Zealot x2  
  163  11:35  Stalker x2  
  163  11:38  Gateway  
  167  11:44  Zealot x3  
  167  11:45  Zealot  
  173  11:49  Stalker x2  
  173  11:52  Stalker  
  179  11:57  Pylon  
  177  12:06  Disruptor  
  181  12:09  Protoss Ground Weapons Level 3  
  181  12:10  Colossus  
  182  12:18  Zealot x8  
  198  12:31  Disruptor  
  200  12:42  Disruptor  
  192  12:45  Nexus  
  168  12:55  Zealot x12  
  168  12:56  Protoss Ground Armor Level 2  
  162  13:06  Probe  
  162  13:07  Disruptor x2  
  171  13:17  Zealot x2  
  171  13:19  Pylon, Disruptor  
  175  13:21  Zealot x3  
  175  13:23  Nexus  
  185  13:28  Probe  
  184  13:34  Zealot  
  184  13:35  Zealot x4  
  184  13:38  Shield Battery  
  190  13:43  Disruptor  
  190  13:45  Probe x2  
  190  13:46  Zealot x2  
  200  13:51  Pylon  
  193  13:59  Stalker  
  193  14:00  Stalker x5  
  198  14:10  Stalker  
  200  14:26  Pylon  
  198  14:33  Pylon  
  198  14:34  Pylon  
  192  14:42  Disruptor  
  192  14:44  Disruptor  
  188  14:48  Zealot x7  
  188  14:50  Disruptor  
  196  14:58  Stalker x2  
  196  14:59  Stalker x4  
  198  15:06  Probe  
  199  15:08  Pylon  
  199  15:11  Stalker  
  199  15:12  Assimilator  
  199  15:16  Assimilator  
  191  15:23  Disruptor  
  195  15:30  Observer  
  195  15:34  Stalker x4  
  196  15:38  Disruptor  
  186  15:53  Zealot x7  
  186  15:54  Colossus  
  188  16:10  Zealot x3  
  200  16:14  Pylon  
  200  16:24  Stalker x2  
  198  16:47  Disruptor  
  198  16:50  Colossus, Observer  
  175  16:58  Disruptor  
  175  16:59  Zealot x13  
  171  17:10  Probe  
  176  17:22  Stalker x4  
  180  17:23  Zealot x8  
  193  17:44  Stalker x6  
  190  17:47  Disruptor  
  190  17:48  Nexus  
  190  17:49  Colossus, Disruptor  
  177  18:08  Stalker x5, Zealot x8  
  177  18:11  Colossus  
  196  18:22  Nexus  
  200  18:34  Nexus, Colossus  
  194  18:38  Pylon  
  194  18:47  Observer  
  184  18:52  Nexus  
  179  18:55  Zealot x6  
  179  18:56  Zealot x4  
  179  18:57  Probe  
  200  19:05  Unknown  
  196  19:17  Stalker x2  
  200  19:45  Colossus  
  199  19:46  Colossus  
  199  19:47  Colossus  
  194  20:04  Nexus  
  194  20:05  Stalker x3  
  194  20:06  Zealot x2  
  190  20:18  Nexus  
  141  20:33  Zealot x12  
  141  20:50  Zealot  
  109  21:12  Stalker x4  
  109  21:13  Zealot x9  
  131  21:28  Probe  
  126  21:42  Stalker x2, Zealot x4  
  126  21:43  Zealot x7  
  122  22:12  Observer  
  95  22:17  Zealot x13  
  110  22:34  Nexus  
Tags
 
Add a new tag
Caveats
  • Supply blocks, unpowered buildings, or Contaminate may cause inaccurate times.
  • Supply counts are checked every 10 seconds.